 Dungeon Crawl Stone Soup version 0.28-a0-1510-gd0f6b136d3 (webtiles) character file.

Game seed: 7088463228965456207

63374 lunkers the Covert (level 14, -16/119 HPs)
             Began as a Vampire Enchanter on Jan 14, 2022.
             Was a High Priest of Ashenzari.
             Demolished by an ettin (43 damage)
             ... on level 1 of the Orcish Mines.
             The game lasted 00:58:17 (20276 turns).

lunkers the Covert (Vampire Enchanter)             Turns: 20276, Time: 00:58:18

Health: -16/119    AC:  7    Str:  7    XL:     14   Next: 67%
Magic:  19/27      EV: 18    Int: 26    God:    Ashenzari [*****.]
Gold:   1715       SH:  9    Dex: 15    Spells: 2/32 levels left

rFire   . . .      SeeInvis +   a - +4 dagger of Supernal Knowledge {drain, Self, Bglg} (curse)
rCold   . . .      Faith    .   Z - +0 kite shield
rNeg    + . .      Spirit   .   L - +2 robe of Supernal Understanding {Rampage Will+ Int+4, Bglg, Comp} (curse)
rPois   .          Reflect  .   (no helmet)
rElec   .          Harm     .   j - +0 cloak of Apeoromancy {Comp, Elem} (curse)
rCorr   .          Rampage  +   o - +0 pair of gloves of Ashenzari's Annoyance {Cun, Alch} (curse)
Will    ++...      Clarity  +   h - +0 pair of boots "Negligence of the Sky" {Bglg, Self} (curse)
Stlth   +++++++...              w - amulet of Curses and Power {Regen+, Comp, Cun} (curse)
HPRegen 1.29/turn               n - ring "Astrological Visionary" {rN+, Comp, Alch} (curse)
MPRegen 0.20/turn               y - ring "Cosmic Flawed Execution" {Wiz, Evo, Self} (curse)

@: healing quickly
A: alive, fangs 3, see invisible, vampiric 2
a: Exsanguinate, Renounce Religion, Curse Item, Shatter the Chains


You were on level 1 of the Orcish Mines.
You worshipped Ashenzari.
Ashenzari was extremely pleased with you.
You visited 4 branches of the dungeon, and saw 21 of its levels.
You also visited: Ice Cave.

You collected 1715 gold pieces.

Inventory:

Hand Weapons
 a - the cursed +4 dagger of Supernal Knowledge (weapon) {drain, Self, Bglg}
   (You found it on level 4 of the Dungeon)

   A truly terrible weapon, it drains the life of any living foe it strikes.
   It has a curse which improves the following skills: Introspection: Fighting
   and Spellcasting.
   Beguiling: Conjurations, Hexes and Translocations.
 i - a +3 quick blade
 H - a +2 short sword of venom
Missiles
 N - 4 curare-tipped darts
Armour
 h - the cursed +0 pair of boots "Negligence of the Sky" (worn) {Bglg, Self}
   (You found it on level 1 of the Dungeon)

   It has a curse which improves the following skills: Beguiling: Conjurations,
   Hexes and Translocations.
   Introspection: Fighting and Spellcasting.
 j - the cursed +0 cloak of Apeoromancy (worn) {Comp, Elem}
   (You found it on level 2 of the Dungeon)

   It has a curse which improves the following skills: Companions: Summonings
   and Necromancy.
   Elements:  Fire Magic, Ice Magic, Air Magic and Earth Magic.
 o - the cursed +0 pair of gloves of Ashenzari's Annoyance (worn) {Cun, Alch}
   (You found it on level 2 of the Dungeon)

   It has a curse which improves the following skills: Cunning: Dodging and
   Stealth.
   Alchemy:   Poison Magic and Transmutations.
 L - the cursed +2 robe of Supernal Understanding (worn) {Rampage Will+ Int+4, Bglg, Comp}
   (You found it on level 8 of the Dungeon)

   Int:       It affects your intelligence (+4).
   Rampage:   It bestows one free step when moving towards enemies.
   Will:      It increases your willpower.
   It has a curse which improves the following skills: Beguiling: Conjurations,
   Hexes and Translocations.
   Companions: Summonings and Necromancy.
 M - a +4 ring mail
 Z - a +0 kite shield (worn)
Jewellery
 n - the cursed ring "Astrological Visionary" (left hand) {rN+, Comp, Alch}
   (You found it on level 2 of the Dungeon)

   [ring of positive energy]

   rN:        It protects you from negative energy.
   It has a curse which improves the following skills: Companions: Summonings
   and Necromancy.
   Alchemy:   Poison Magic and Transmutations.
 w - the cursed amulet of Curses and Power (around neck) {Regen+, Comp, Cun}
   (You found it on level 3 of the Dungeon)

   [amulet of regeneration]

   Regen:     It increases your rate of health regeneration.
   It has a curse which improves the following skills: Companions: Summonings
   and Necromancy.
   Cunning:   Dodging and Stealth.
 y - the cursed ring "Cosmic Flawed Execution" (right hand) {Wiz, Evo, Self}
   (You found it on level 4 of the Dungeon)

   [ring of wizardry]

   It improves your spell success rate.
   It has a curse which improves the following skills: Evocations: Evocations.
   Introspection: Fighting and Spellcasting.
 B - an amulet of reflection
 C - a ring of wizardry
 D - a +4 ring of protection
 G - a ring of fire
 J - a ring of positive energy
 P - a ring of willpower
 R - a ring of protection from cold
 S - a ring of poison resistance
 T - a ring of flight
 X - an amulet of magic regeneration
 Y - an amulet of magic regeneration
Wands
 s - a wand of digging (15)
 u - a wand of mindburst (14)
 I - a wand of paralysis (25)
 K - a wand of iceblast (26)
 Q - a wand of polymorph (14)
 W - a wand of charming (3)
Scrolls
 b - 2 scrolls of summoning
 l - 3 scrolls of silence
 v - a scroll of teleportation
 z - a scroll of magic mapping
 A - a scroll of enchant armour
 E - 2 scrolls of enchant weapon
 U - a scroll of fog
Potions
 c - a potion of invisibility
 d - 4 potions of might
 e - 3 potions of brilliance
 f - 2 potions of berserk rage
 g - a potion of magic
 k - 4 potions of attraction
 m - 4 potions of ambrosia
 p - a potion of cancellation
 q - 6 potions of mutation
 r - 7 potions of flight
 t - 5 potions of haste
 x - 8 potions of curing
 F - a potion of heal wounds
 O - a potion of resistance
Miscellaneous
 V - a tin of tremorstones (2/2)


   Skills:
 + Level 9.4(13.9) Fighting
 - Level 8.0 Short Blades
 + Level 11.5(14.9) Dodging
 - Level 14.0(17.3) Stealth
 + Level 3.6 Shields
 - Level 5.5(9.9) Spellcasting
 - Level 10.0(14.5) Hexes
 - Level 12.0(17.5) Summonings
 - Level 12.9(18.4) Necromancy


You had 2 spell levels left.
You knew the following spells:

 Your Spells              Type           Power      Damage    Failure   Level
b - Confusing Touch       Hex            73%        N/A       1%          3
c - Tukima's Dance        Hex            73%        N/A       1%          3
d - Ensorcelled Hibernat  Hex/Ice        100%       N/A       1%          2
e - Call Canine Familiar  Summ           81%        N/A       1%          3
f - Haunt                 Necr/Summ      41%        N/A       3%          7
g - Yara's Violent Unrav  Hex/Tmut       25%        3d11      8%          5
h - Summon Hydra          Summ           40%        N/A       3%          7

Your spell library contained the following spells:

 Spells                   Type           Power      Damage    Failure   Level
 Animate Skeleton         Necr           100%       N/A       0%          1
 Pain                     Necr           100%       1d9       0%          1
 Slow                     Hex            100%       N/A       1%          1
 Corpse Rot               Necr/Air       100%       N/A       1%          2
 Apportation              Tloc           32%        N/A       4%          1
 Freeze                   Ice            56%        1d7       4%          1
 Sting                    Tmut/Pois      60%        1d6       4%          1
 Static Discharge         Conj/Air       15%        N/A       7%          2
 Poisonous Vapours        Pois/Air       28%        N/A       8%          2
 Vampiric Draining        Necr           83%        2d11      0%          3
 Dazzling Flash           Conj/Hex       100%       N/A       1%          3
 Portal Projectile        Hex/Tloc       100%       N/A       1%          3
 Summon Guardian Golem    Hex/Summ       77%        N/A       1%          3
 Anguish                  Hex/Necr       39%        N/A       1%          4
 Leda's Liquefaction      Hex/Erth       25%        N/A       2%          4
 Summon Forest            Summ/Tloc      28%        N/A       4%          5
 Metabolic Englaciation   Hex/Ice        25%        N/A       8%          5
 Gell's Gravitas          Tloc           16%        N/A       13%         3
 Teleport Other           Tloc           16%        N/A       13%         3
 Simulacrum               Ice/Necr       28%        N/A       17%         6
 Iskenderun's Mystic Bla  Conj/Tloc      16%        2d5       38%         4
 Hailstorm                Conj/Ice       15%        3d5       41%         4
 Ice Form                 Ice/Tmut       14%        N/A       41%         4
 Olgreb's Toxic Radiance  Pois           15%        N/A       41%         4
 Petrify                  Tmut/Erth      14%        N/A       41%         4
 Spellforged Servitor     Conj/Summ      28%        N/A       71%         7
 Alistair's Intoxication  Tmut/Pois      10%        N/A       75%         5
 Lightning Bolt           Conj/Air       7%         1d20      75%         5
 Lee's Rapid Deconstruct  Erth           7%         3d7*      77%         5
 Dispersal                Tloc           8%         N/A       99%         6
 Eringya's Noxious Bog    Tmut/Pois      7%         N/A       99%         6
 Starburst                Conj/Fire      7%         6d4       99%         6
 Statue Form              Tmut/Erth      9%         N/A       99%         6
 Orb of Destruction       Conj           8%         9d6       100%        7
 Maxwell's Capacitive Co  Air            7%         ∞         100%        8
 Polar Vortex             Ice            7%         N/A       100%        9


Dungeon Overview and Level Annotations

Branches:
Dungeon (12/15)            Temple (1/1) D:5            Lair (6/6) D:9
 Shoals (0/4) Lair:2       Spider (0/4) Lair:3        Slime (0/5) Lair:5
    Orc (2/2) D:12          IceCv (visited)
    Elf: Orc:2

Altars:
Ashenzari
Cheibriados
Dithmenos
Elyvilon
Fedhas
Gozag
Hepliaklqana
Kikubaaqudgha
Makhleb
Nemelex Xobeh
Okawaru
Qazlal
Ru
Sif Muna
Trog
Uskayaw
Vehumet
Wu Jian
Xom
Yredelemnul
Zin
The Shining One
Jiyva

Shops:
D:10 *

Portals:
Trove: D:10 (give +7 demon whip)

Annotations:
D:8 3 runed translucent doors, fragbeetle's ghost, novice TrBe
Lair:5 1 runed translucent door
Orc:2 Jorgrun


Innate Abilities, Weirdness & Mutations

Your natural rate of healing is accelerated.
You have razor-sharp teeth.
You have supernaturally acute eyesight. (SInv)
You are afflicted with vampirism and can become a bat while bloodless.


Message History

You feel sick. The orc closely misses you.
There is a stone staircase leading up, spattered with blood here.
HP restored.
You feel sick. You block the orc's attack.
The ettin hits you with a +0 dire flail.
The ettin hits you with a +0 dire flail!
The orc hits you with a +0 club.
You climb upwards.
You feel sick.
You are no longer poisoned.
There is a stone staircase leading down here.
Unknown command.
Casting: Summon Hydra (dangerous; 3% risk of failure)
Confirm with . or Enter, or press ? or * to list all spells.
Aiming: Ensorcelled Hibernation (safe; 1% risk of failure)
Press: ? - help, Shift-Dir - straight line, f - ettin
Aim: an ettin, wielding two +0 dire flails (chance to affect: 54%)
The ettin resists with some effort.
The orc misses you.
The ettin hits you with a +0 dire flail!!
The ettin hits you with a +0 dire flail!
* * * LOW HITPOINT WARNING * * *
You block the orc's attack.
Casting: Ensorcelled Hibernation (safe; 1% risk of failure)
Confirm with . or Enter, or press ? or * to list all spells.
Aiming: Tukima's Dance (safe; 1% risk of failure)
Press: ? - help, Shift-Dir - straight line, f/p - ettin
Aim: an ettin, wielding two +0 dire flails (chance to affect: 65%)
The ettin struggles to resist.
You block the orc's attack. The ettin closely misses you.
The ettin hits you with a +0 dire flail!!!
* * * LOW HITPOINT WARNING * * *
The orc hits you with a +0 club.
* * * LOW HITPOINT WARNING * * *
Casting: Tukima's Dance (safe; 1% risk of failure)
Confirm with . or Enter, or press ? or * to list all spells.
Aiming: Tukima's Dance (safe; 1% risk of failure)
Press: ? - help, Shift-Dir - straight line, f/p - ettin
Aim: an ettin, wielding two +0 dire flails (chance to affect: 65%)
The +0 dire flail dances into the air!
The orc barely misses you.
The ettin wields a +0 dire flail.
You block the ettin's attack.
The ettin hits you with a +0 dire flail!!!
You die...

##.###.#############
##.......#..#########
###^..........########
####.#....#...####.###
###............##...#####
##.................######
##......^...(......##..###
###.......ooC...........##
###.......)@).......#....#
##........))........##...#
###.##.#...........###...#
#####...............##...#
###.#.............###...#
#.....#........######.##
##...#...#.......##.###
#...#...##..........#
##.###.##..........##


You could see an ettin (ally target), 2 orcs and a friendly +0 dire flail.

Vanquished Creatures
  An orc warlord (D:12)
  2 boulder beetles
  4 hydras
  2 centaur warriors
  5 death yaks
  Sonja (Lair:1)
  2 wizards (D:9)
  Pikel (D:3)
  3 cyclopes
  A manticore (D:11)
  3 black mambas (Lair:6)
  Maggie (D:6)
  11 cane toads
  5 rime drakes
  An unseen horror (D:12)
  10 komodo dragons
  An efreet (D:9)
  3 polar bears
  5 trolls
  5 hornets
  Prince Ribbit (D:6)
  A nameless horror (Lair:5)
  18 blink frogs
  7 slime creatures
  A shadow (D:9)
  2 jumping spiders (Lair:3)
  5 wraiths
  2 vampires
  9 wyverns
  49 yaks
  4 basilisks
  2 redbacks (Lair:3)
  A steam dragon (D:8)
  6 vampire mosquitoes (D:11)
  2 acid dragons
  23 water moccasins
  16 orc warriors
  A sky beast (D:5)
  4 black bears
  A hornet zombie (D:8)
  2 necrophages
  2 ogres
  9 centaurs
  9 wolves
  A lemure (D:3)
  2 kobold brigands
  2 gnoll sergeants
  12 bullfrogs
  2 scorpions (D:5)
  9 killer bees
  3 howler monkeys (D:7)
  3 centaur zombies
  5 jellies
  A komodo dragon simulacrum (IceCv)
  4 orc priests
  2 hounds
  A centaur skeleton (D:5)
  2 iguanas (D:6)
  A bullfrog skeleton (D:5)
  A gnoll shaman (D:9)
  Terence (D:3)
  10 orc wizards
  A scorpion zombie (D:5)
  A killer bee zombie (D:9)
  2 hound skeletons
  2 howler monkey zombies
  3 gnolls (D:11)
  5 adders
  A howler monkey skeleton (D:7)
  2 steam dragon simulacra (IceCv)
  An ufetubus (D:5)
  3 worms
  3 dart slugs
  49 orcs
  9 endoplasms
  4 giant cockroaches
  5 goblins
  3 hobgoblins
  4 jackals (D:1)
  4 quokkas
  8 ball pythons
  A bat (D:3)
  5 frilled lizards
  9 kobolds
  8 rats
439 creatures vanquished.

Vanquished Creatures (collateral kills)
  A quicksilver ooze (Lair:5)
  5 hydras
  3 two-headed ogres
  4 death yaks (Lair:6)
  A wolf spider (Lair:6)
  2 slime creatures
  A guardian serpent (Lair:6)
  A black mamba (Lair:6)
  3 cane toads
  A rime drake (Lair:6)
  A komodo dragon (Lair:6)
  A hornet (Lair:6)
  4 blink frogs
  3 yaks (D:11)
  A wyvern (Lair:3)
  3 redbacks (Lair:6)
  A warg (Orc:1)
  3 water moccasins
  6 orc warriors
  3 ogres
  2 wolves
  2 komodo dragon simulacra (IceCv)
  A jelly (Lair:5)
  3 orc wizards
  An acid dragon simulacrum (IceCv)
  6 orcs
63 creatures vanquished.

Vanquished Creatures (others)
  3 dancing weapons
  59 fungi
  75 plants
137 creatures vanquished.

Grand Total: 639 creatures vanquished

Notes
Turn   | Place    | Note
-------+----------+-------------------------------------------
     0 | D:1      | lunkers the Vampire Enchanter began the quest for the Orb.
     0 | D:1      | Reached XP level 1. HP: 13/13 MP: 3/3
   172 | D:1      | Reached XP level 2. HP: 16/19 MP: 5/5
   183 | D:1      | Reached skill level 5 in Stealth
   537 | D:1      | Found a faded altar of an unknown god.
   626 | D:1      | Gained mutation: You are afflicted with vampirism and can
                  | become a bat while bloodless. [Vampire growth]
   626 | D:1      | Reached XP level 3. HP: 19/24 MP: 6/6
  1007 | D:1      | Learned a level 3 spell: Confusing Touch
  1011 | D:1      | Learned a level 3 spell: Tukima's Dance
  1239 | D:2      | Reached skill level 6 in Stealth
  1529 | D:3      | Reached XP level 4. HP: 26/30 MP: 7/7
  1984 | D:3      | Noticed Terence
  1999 | D:3      | Killed Terence
  2400 | D:4      | Noticed Pikel
  2400 | D:4      | Noticed a lemure
  2401 | D:4      | Noticed a lemure
  2403 | D:4      | Noticed a lemure
  2403 | D:4      | Noticed a lemure
  2429 | D:3      | Killed a lemure
  2588 | D:3      | Killed Pikel
  2589 | D:3      | Reached skill level 5 in Short Blades
  2589 | D:3      | Reached skill level 8 in Stealth
  2589 | D:3      | Reached XP level 5. HP: 35/35 MP: 4/8
  2589 | D:3      | Reached XP level 6. HP: 41/41 MP: 4/9
  2589 | D:3      | Reached XP level 7. HP: 46/46 MP: 4/10
  2689 | D:4      | Learned a level 2 spell: Ensorcelled Hibernation
  3189 | D:5      | Entered Level 5 of the Dungeon
  3195 | D:4      | Identified a scroll of acquirement
  3195 | D:4      | Acquired a +3 quick blade
  3260 | D:5      | Reached skill level 9 in Stealth
  3493 | D:5      | Reached XP level 8. HP: 46/52 MP: 7/11
  3529 | D:5      | Found a staircase to the Ecumenical Temple.
  3747 | D:5      | Reached skill level 10 in Stealth
  4077 | D:6      | Noticed Maggie
  4082 | D:6      | Killed Maggie
  4083 | D:6      | Reached skill level 11 in Stealth
  4175 | D:6      | Found a snail-covered altar of Cheibriados.
  4180 | D:6      | Noticed Prince Ribbit
  4192 | D:6      | Noticed a hornet
  4208 | D:6      | Killed Prince Ribbit
  4209 | D:6      | Reached skill level 10 in Hexes
  4229 | D:6      | Paralysed by a hornet for 1 turns
  4233 | D:6      | Killed a hornet
  4234 | D:6      | Reached XP level 9. HP: 54/57 MP: 8/12
  4243 | D:6      | Reached skill level 12 in Stealth
  4327 | D:6      | Reached skill level 1 in Fighting
  4512 | D:6      | Found a bloodstained altar of Trog.
  4589 | D:6      | Found a radiant altar of Vehumet.
  4590 | D:6      | Found a burning altar of Makhleb.
  4590 | D:6      | Found a sacrificial altar of Ru.
  4593 | D:6      | Found an ancient bone altar of Kikubaaqudgha.
  4681 | Temple   | Entered the Ecumenical Temple
  4739 | Temple   | Became a worshipper of Ashenzari the Shackled
  5610 | D:8      | Noticed a centaur warrior
  5737 | D:8      | Reached skill level 5 in Dodging
  5904 | D:8      | Reached skill level 5 in Fighting
  5904 | D:8      | Reached XP level 10. HP: 67/74 MP: 11/13
  6032 | D:8      | Found a runed translucent gate.
  6033 | D:8      | Found a runed translucent gate.
  6034 | D:8      | Found a runed translucent gate.
  6035 | D:8      | Found an opulent altar of Gozag.
  6036 | D:8      | Noticed fragbeetle's ghost (novice TrBe)
  6039 | D:8      | Noticed a manticore
  6143 | D:8      | Reached * piety under Ashenzari
  6180 | D:8      | Found a sparkling altar of Nemelex Xobeh.
  6196 | D:8      | Noticed a two-headed ogre
  6332 | D:8      | Killed a two-headed ogre
  6625 | D:8      | Identified the +2 robe "Zyekieg" {Rampage Will+ Int+4}
  6853 | D:7      | Learned a level 3 spell: Call Canine Familiar
  7109 | D:7      | Killed a centaur warrior
  7287 | D:9      | Noticed a wizard
  7306 | D:9      | Killed a wizard
  7553 | D:9      | Noticed a two-headed ogre
  7553 | D:9      | Noticed a cyclops
  7563 | D:9      | Reached XP level 11. HP: 71/87 MP: 10/14
  7574 | D:9      | Killed a two-headed ogre
  7575 | D:9      | Reached skill level 10 in Dodging
  7677 | D:9      | Noticed a wizard
  7680 | D:9      | Killed a wizard
  7684 | D:9      | Identified the Guide on Freezing Enchantment
  7684 | D:9      | Identified the Reference Book on Lethal Creation
  7684 | D:9      | Found the +7 mace of Variability {chain chaos}
  7684 | D:9      | Identified the +6 war axe of Hard Scrabble {antimagic,
                  | *Rage Drain rC+ Str+6}
  7711 | D:9      | Reached skill level 1 in Summonings
  7920 | D:9      | Reached ** piety under Ashenzari
  8424 | D:9      | Found a staircase to the Lair.
  8483 | D:9      | Reached skill level 5 in Summonings
  8580 | D:10     | Entered Level 10 of the Dungeon
  8601 | D:10     | Found a blossoming altar of Fedhas.
  8630 | D:10     | Found a portal to a secret trove of treasure.
  8721 | D:10     | Found a hazy altar of Hepliaklqana.
  8884 | D:10     | Found Mageil's General Store.
  9085 | D:10     | Reached skill level 13 in Stealth
  9277 | Lair:1   | Entered Level 1 of the Lair of Beasts
  9289 | Lair:1   | Noticed Sonja
  9295 | Lair:1   | Killed Sonja
  9494 | Lair:1   | Reached skill level 14 in Stealth
  9547 | Lair:1   | Identified the +2 trident "String" {vorpal, rN+ Will+
                  | Int+4}
  9639 | Lair:1   | Reached XP level 12. HP: 97/97 MP: 16/16
  9791 | Lair:1   | Reached *** piety under Ashenzari
 10226 | Lair:2   | Noticed a five-headed hydra
 10231 | Lair:2   | Killed a five-headed hydra
 10253 | Lair:2   | Learned a level 7 spell: Haunt
 10329 | Lair:2   | Reached **** piety under Ashenzari
 10360 | Lair:2   | Found a staircase to the Shoals.
 10367 | Lair:2   | Reached skill level 1 in Necromancy
 11120 | Lair:3   | Reached skill level 5 in Necromancy
 11142 | Lair:3   | Noticed a six-headed hydra
 11157 | Lair:3   | Killed a six-headed hydra
 11352 | Lair:3   | Noticed an eight-headed hydra
 11399 | Lair:3   | Killed an eight-headed hydra
 11630 | Lair:3   | Found a hole to the Spider Nest.
 11891 | Lair:4   | Reached skill level 10 in Summonings
 12179 | Lair:4   | Noticed a seven-headed hydra
 12183 | Lair:4   | Killed a seven-headed hydra
 12282 | Lair:4   | Reached XP level 13. HP: 57/109 MP: 15/20
 13029 | Lair:5   | Found a runed translucent door.
 13029 | Lair:5   | Found a viscous altar of Jiyva.
 13050 | Lair:5   | Noticed an acid blob
 13140 | Lair:5   | Found a frozen archway.
 13160 | IceCv    | Entered an ice cave
 13634 | Lair:5   | Reached skill level 10 in Necromancy
 14276 | Lair:5   | Noticed a quicksilver ooze
 14290 | Lair:5   | Killed a quicksilver ooze
 14353 | Lair:5   | Learned a level 5 spell: Yara's Violent Unravelling
 14992 | Lair:5   | Found a staircase to the Slime Pits.
 15051 | Lair:6   | Entered Level 6 of the Lair of Beasts
 15210 | Lair:6   | Reached ***** piety under Ashenzari
 15662 | Lair:6   | HP: 2/111 [rime drake/flash freeze (25)]
 15808 | Lair:5   | Reached XP level 14. HP: 103/118 MP: 16/26
 16131 | Lair:6   | Reached skill level 5 in Spellcasting
 17101 | D:9      | Learned a level 7 spell: Summon Hydra
 17593 | D:11     | Reached skill level 1 in Shields
 17897 | D:11     | Identified the +8 quarterstaff of Cuchubb {venom, rC+
                  | rCorr}
 18707 | D:12     | Found a staircase to the Orcish Mines.
 19480 | Orc:1    | Entered Level 1 of the Orcish Mines
 19480 | Orc:1    | Noticed an orc warlord
 19690 | D:12     | Killed an orc warlord
 20169 | Orc:2    | Entered Level 2 of the Orcish Mines
 20178 | Orc:2    | Noticed Jorgrun
 20276 | Orc:1    | Demolished by an ettin

Illustrated notes

Levels and vault maps discovered:
D:1:      psy_arrival_wood_between_worlds, layout_loops_ring,
          ebering_ecumenical_altar_mist, amcnicky_mini_pool_small,
          amcnicky_mini_corridor_feature
D:2:      layout_rooms, minivault_26, minivault_11
D:3:      layout_basic, hangedman_decor_growths, uniq_terence
D:4:      layout_loops_ring, uniq_pikel
D:5:      layout_gridville, minmay_temple_entry_glassed_door
D:6:      layout_rooms, minitemple, mainiacjoe_overflow_small_starburst,
          kennysheep_generic_room_6, uniq_maggie, uniq_prince_ribbit1
D:7:      layout_basic
D:8:      cheibrodos_elevator_heist, layout_basic, kennysheep_mini_moat,
          ebering_ghost_gozag
D:9:      minmay_the_grid_plus_closed [minmay_the_grid_gridbox,
          minmay_the_grid_outer_circle, minmay_the_grid_minigrid_small,
          minmay_the_grid_tiny_cups, minmay_the_grid_prize_shrinking_boxes],
          layout_basic, grunt_lair_entry_orc_guard_hut
D:10:     layout_irregular_city, nzn_hepliaklqana_mist_gate, fedhas_altar_3,
          serial_shops, shop, enter_trove_0
D:11:     layout_stronghold
D:12:     layout_basic, david_orc_4, wad_floor_pattern_1
Temple:   cyrus_circular_temple
Lair:1:   layout_gridlike, uniq_sonja
Lair:2:   layout_regular_city, minmay_shoals_entry_centaurs, beast_lair_carwin_4
Lair:3:   layout_roguey, spider_nest_entry_funnel_web, beast_lair_carwin_2
Lair:4:   layout_roguey, minivault_19
Lair:5:   layout_concentric_octagons, slime_altar_2, portal_ice_cave_rime,
          nicolae_lair_time_for_slime
Lair:6:   hangedman_lair_tendril_chambers, layout_cave_pods
Orc:1:    layout_caves
Orc:2:    grunt_orc_gardens, layout_caves, grunt_orc_garden, grunt_orc_garden,
          grunt_orc_garden, grunt_orc_garden, basic_altar, mines2_david,
          uniq_jorgrun, uniq_saint_roka

Skill      XL: |  1  2  3  4  5  6  7  8  9 10 11 12 13 14 |
---------------+-------------------------------------------+-----
Stealth        | 5 6 8 9 11 12 14 | 14.0
Short Blades   | 2 3 5 6 8 |  8.0
Hexes          | 6 8 10 | 10.0
Fighting       | 5 7 8 9 |  9.4
Dodging        | 6 9 10 11 | 11.5
Summonings     | 6 10 11 12 | 12.0
Necromancy     | 8 12 | 12.9
Spellcasting   | 4 5 |  5.5
Shields        | 3 |  3.6

Action                   |  1- 3 |  4- 6 |  7- 9 | 10-12 | 13-15 || total
-------------------------+-------+-------+-------+-------+-------++-------
Melee: Dagger            |   129 |    81 |   294 |   633 |  1019 ||  2156
       Bite              |    23 |    11 |    36 |    77 |   173 ||   320
       Punch             |     1 |     1 |     6 |    11 |    11 ||    30
 Cast: Confusing Touch   |       |     4 |    19 |    13 |    27 ||    63
       Tukima's Dance    |       |       |     1 |    16 |     2 ||    19
       Ensorcelled Hiber |       |       |       |    57 |    56 ||   113
       Call Canine Famil |       |       |       |     1 |     1 ||     2
       Haunt             |       |       |       |     3 |    37 ||    40
       Summon Hydra      |       |       |       |       |     4 ||     4
Invok: Curse Item        |       |       |     1 |     6 |     1 ||     8
  Use: Scroll            |     1 |       |    13 |       |     5 ||    19
       Potion            |       |       |       |       |     2 ||     2
 Stab: Sleeping          |    13 |     4 |    18 |    93 |    49 ||   177
       Confused          |       |     5 |    19 |    11 |    30 ||    65
       Distracted        |       |       |       |       |     8 ||     8
Armor: Robe              |    18 |    19 |    27 |    81 |   140 ||   285
       Steam dragon scal |       |       |    34 |     4 |       ||    38
Dodge: Dodged            |    58 |    36 |   140 |   329 |   772 ||  1335
Block: Kite shield       |       |       |       |       |   180 ||   180

Table legend: (Time is in decaauts)
 A = Elapsed time spent in this place.
 B = Non-inter-level travel time spent in this place.
 C = Inter-level travel time spent in this place.
 D = Time resting spent in this place.
 E = Time spent auto-exploring this place.
 F = Levels seen in this place.
 G = Mean time per level.
                   A        B        C        D        E       F      G
               +--------+--------+--------+--------+--------+-----+--------+
         Total |  19612 |  18450 |   1162 |    636 |  13225 |  22 |  891.5 |
       Dungeon |  11526 |  10739 |    787 |    254 |   7911 |  12 |  960.5 |
        Temple |    107 |     95 |     12 |     30 |     42 |   1 |  107.0 |
          Lair |   7227 |   6879 |    348 |    196 |   4975 |   6 | 1204.5 |
  Orcish Mines |    495 |    482 |     13 |     23 |    261 |   2 |  247.5 |
      Ice Cave |    255 |    255 |      0 |    133 |     36 |   1 |  255.0 |
               +--------+--------+--------+--------+--------+-----+--------+

Top non-repeatable levels by time:
  Lair:5: 1683 daAuts
  Lair:6: 1572 daAuts
  Lair:4: 1407 daAuts
    D:12: 1376 daAuts
     D:9: 1354 daAuts
     D:8: 1348 daAuts
     D:3: 1150 daAuts
     D:7: 1060 daAuts
    D:11: 1041 daAuts
     D:1: 1024 daAuts
  Lair:1: 910 daAuts
  Lair:2: 844 daAuts
     D:5: 820 daAuts
  Lair:3: 809 daAuts
    D:10: 702 daAuts
